Cogmind - Beta 15 @@@ ROGUE MODE // 2025.09.27 @ 07:41:45 Player: beans Result: Destroyed by Optimus with Helical Railgun Performance ------------- Evolutions (1) 500 Regions Visited (5) 1000 Robots Destroyed (69) 345 Value Destroyed (1707) 1707 Prototype IDs (8) 160 Alien Tech Used (0) 0 Bonus (1181) 1181 TOTAL SCORE: 4893 Bonus ------- High Alert Combat Kills 178 Follower Combat Kills 203 Registered with UFD 300 Met Optimus in HQ 500 Cogmind --------- Core Integrity 0/400 Matter 78/300 Energy 95/100 System Corruption 1% Temperature Cool (0) Movement Core (50) Location -9/Scraptown Parts ------- > --- POWER (1) -------- (None) > --- PROPULSION (2) --- (None) > --- UTILITY (3) ------ Hacking Suite > --- WEAPON (3) ------- (None) > --- INVENTORY (5) ---- Improved Trap Scanner Beamcaster Rocket Launcher CPS Tube (2) Flamer Peak State ------------ > --- POWER ------------ Light Angular Momentum Engine > --- PROPULSION ------- Advanced Treads Advanced Treads > --- UTILITY ---------- Improved Heat Sink Improved Heat Sink Hacking Suite > --- WEAPON ----------- Beamcaster Ion Cannon Ion Cannon > --- INVENTORY -------- Heavy Ion Engine Heat Sink Autogun Autogun Rocket Launcher [Rating: 32] Favorites ----------- Power Heavy Ion Engine Engine Heavy Ion Engine Propulsion Light Treads Treads Light Treads Utility Hacking Suite Device Improved Heat Sink Processor Terrain Scan Processor Hackware Hacking Suite Weapon Ion Cannon Energy Gun Beamcaster Energy Cannon Ion Cannon Ballistic Gun Assault Rifle Ballistic Cannon Light Cannon Special Weapon Flamer Build | -11 -10 -9 -9 -9 -9 ------- Run | Yrd Mat Mat Sto Rec Scr Slots Evolved 2 | . . 2 . . . Power . | . . . . . . Propulsion . | . . . . . . Utility 1 | . . 1 . . . Weapon 1 | . . 1 . . . Parts Attached 29 | 5 . 14 6 . 4 Power 4 | 1 . 1 2 . . Engine 4 | 1 . 1 2 . . Core . | . . . . . . Reactor . | . . . . . . Propulsion 6 | 2 . 2 2 . . Treads 6 | 2 . 2 2 . . Leg . | . . . . . . Wheel . | . . . . . . Hover . | . . . . . . Flight . | . . . . . . Utility 6 | . . 5 . . 1 Device 4 | . . 3 . . 1 Storage . | . . . . . . Processor 1 | . . 1 . . . Hackware 1 | . . 1 . . . Protection . | . . . . . . Artifact . | . . . . . . Weapon 13 | 2 . 6 2 . 3 Energy Gun 1 | . . . 1 . . Energy Cannon 4 | . . 3 . . 1 Ballistic Gun 5 | 2 . 2 1 . . Ballistic Cannon 1 | . . 1 . . . Launcher . | . . . . . . Special Weapon 2 | . . . . . 2 Impact Weapon . | . . . . . . Slashing Weapon . | . . . . . . Piercing Weapon . | . . . . . . Special Melee Weapon . | . . . . . . Unidentified Prototypes 2 | . . . 2 . . Parts Lost 10 | . . . 6 . 4 Power 1 | . . . 1 . . Propulsion 3 | . . . 2 . 1 Utility 1 | . . . 1 . . Weapon 5 | . . . 2 . 3 Highest Loss Streak 4 | . . . 4 . 4 To Critical Strikes 1 | . . . . . 1 Average Backups 4 | . 2 3 4 4 4 Power . | . . . . . . Propulsion . | . . . . . . Utility 1 | . 2 . 1 1 . Weapon 2 | . . 2 2 3 2 Tool/Special . | . . . . . . Unused Backups 8 | . 1 1 1 . 5 Power 2 | . 1 . . . 1 Propulsion . | . . . . . . Utility 3 | . . . 1 . 2 Weapon 2 | . . 1 . . 1 Tool/Special 1 | . . . . . 1 Average Slot Usage (%) 86 | . 71 91 91 77 87 Engine 11 | . 14 10 10 11 11 Treads 22 | . 28 22 19 22 21 Device 12 | . . 14 20 11 11 Hackware 9 | . . 10 11 11 11 Energy Gun 6 | . . . 3 11 10 Energy Cannon 17 | . . 10 26 11 21 Ballistic Gun 5 | . 28 14 . . . Peak Build Rating 32 | 5 5 25 32 19 32 Average Rating 21 | 3 5 15 26 19 26 On Entrance 12 | . 5 5 25 19 19 Naked Turns . | . . . . . . Heaviest Build 33 | 9 9 25 29 20 33 Greatest Support 44 | 40 40 44 44 40 40 Greatest Overweight (x) 6 | . . . 6 . 1 Average Overweight (x) . | . . . . . . Largest Inventory Capacity 5 | 5 5 5 5 5 5 Average Capacity 5 | 5 5 5 5 5 5 Most Carried 5 | 4 5 5 5 4 5 Average Carried 4 | . 2 3 4 4 4 Final Capacity 5 | 5 5 5 5 5 5 Final Carried 5 | . 5 4 4 4 5 Class Distribution -------------------- 49% | Scavenger-Gunner 17% | Gunner 17% | Mutant 8% | Skirmisher 7% | Scavenger-Mutant Dominant Class ---------------- Mutant | -10/Materials Skirmisher | -9/Materials Gunner | -9/Storage Scavenger-Mutant | -9/Recycling Scavenger-Gunner | -9/Scraptown Resources | -11 -10 -9 -9 -9 -9 ----------- Run | Yrd Mat Mat Sto Rec Scr Matter Collected 1339 | 212 147 652 240 . 88 Remotely . | . . . . . . Salvage Created 2700 | . 116 830 1754 . . Parts 173 | . 11 61 101 . . Haulers Intercepted 7 | . 1 2 4 . . Recyclers Shooed . | . . . . . . Parts Field Recycled . | . . . . . . Retrieved Matter . | . . . . . . Parts Self-Destructed . | . . . . . . Prevented . | . . . . . . Kills | -11 -10 -9 -9 -9 -9 ------- Run | Yrd Mat Mat Sto Rec Scr Combat Hostiles Destroyed 46 | . 3 13 30 . . Guns 12 | . 3 7 2 . . Cannons 34 | . . 6 28 . . Classes Destroyed 12 | . 3 6 3 . . Worker 7 | . 1 3 3 . . Builder 2 | . . 2 . . . Tunneler 1 | . . 1 . . . Hauler 7 | . 1 2 4 . . Recycler 3 | . . 1 2 . . Mechanic 1 | . . . 1 . . Watcher 2 | . . 2 . . . Swarmer 7 | . 3 . 4 . . Grunt 21 | . . 8 13 . . Brawler 3 | . . . 3 . . Protector 2 | . . . 2 . . Sentry 13 | . . 5 8 . . Best Kill Streak 6 | . 3 6 5 . . Combat Bots Only 5 | . 3 3 5 . . Max Kills in Single Turn 1 | . 1 1 1 . . Gunslinging . | . . . . . . Exploded . | . . . . . . Melee . | . . . . . . Uniques/NPCs Destroyed . | . . . . . . Combat | -11 -10 -9 -9 -9 -9 -------- Run | Yrd Mat Mat Sto Rec Scr Hostile Shots Fired 217 | . 14 81 98 . 24 Missed 50 | . 4 22 23 . 1 Hits 167 | . 10 59 75 . 23 Melee 2 | . . . . . 2 Projectile 165 | . 10 59 75 . 21 Critical Strikes 2 | . . 1 . . 1 Damage Taken 2226 | . 90 782 857 . 497 Core 431 | . 26 115 176 . 114 Absorbed by Shields . | . . . . . . Regen/Repaired (Parts) 96 | . . . 96 . . Core Remaining (%) 94 | 100 89 . . . . Volleys Fired 150 | 2 14 57 75 . 2 Largest 3 | 2 2 3 3 . 2 Hottest 195 | 40 40 180 195 . 120 Shots Fired 424 | 4 29 171 217 . 3 Gun 145 | 4 29 88 24 . . Cannon 278 | . . 83 193 . 2 Launcher . | . . . . . . Special 1 | . . . . . 1 Kinetic 165 | 4 29 132 . . . Thermal 258 | . . 39 217 . 2 Explosive . | . . . . . . Electromagnetic . | . . . . . . Robot Hit Streak 9 | 3 3 9 9 . 9 Robot Miss Streak 9 | 1 9 4 3 . 1 Penetration Max . | . . . . . . Secondary Targets . | . . . . . . Shots Hit Robots 230 | 3 11 95 119 . 2 Core Hits 81 | . 6 31 44 . . Critical Kills . | . . . . . . Critical Parts Destroyed 1 | . . 1 . . . Critical Strikes 6 | . . 4 2 . . Burn 2 | . . . 2 . . Destroy 1 | . . 1 . . . Blast 3 | . . 3 . . . Melee Attacks . | . . . . . . Impact . | . . . . . . Slashing . | . . . . . . Piercing . | . . . . . . Sneak Attacks . | . . . . . . Combat Hostiles . | . . . . . . Follow-up Attacks . | . . . . . . Damage Inflicted 4829 | 39 118 1725 2925 . 22 Guns 1192 | 39 118 786 249 . . Cannons 3637 | . . 939 2676 . 22 Explosions . | . . . . . . Melee . | . . . . . . Ramming . | . . . . . . Kinetic 1390 | 39 118 1233 . . . Thermal 3439 | . . 492 2925 . 22 Explosive . | . . . . . . Electromagnetic . | . . . . . . Impact . | . . . . . . Slashing . | . . . . . . Piercing . | . . . . . . Highest Corruption 19 | . 19 . . . 1 Average Corruption 16 | . 16 . . . 1 Corruption Purged . | . . . . . . Corruption Blocked . | . . . . . . Effects 17 | . 17 . . . . Message Errors 7 | . 7 . . . . Matter Fused 1 | . 1 . . . . Heat Flow Errors 1 | . 1 . . . . Energy Discharges 4 | . 4 . . . . Data Loss (minor) 1 | . 1 . . . . Misfires 2 | . 2 . . . . Weapon Failures 1 | . 1 . . . . Overload Shots . | . . . . . . Overflow Damage 18 | . . . 18 . . Projectiles 18 | . . . 18 . . Explosions . | . . . . . . Melee . | . . . . . . Knockbacks . | . . . . . . Impact . | . . . . . . Kinetic . | . . . . . . Secondary . | . . . . . . Self-Inflicted Damage . | . . . . . . Shots . | . . . . . . Rammed . | . . . . . . Targets Rammed . | . . . . . . Kicked . | . . . . . . Crushed . | . . . . . . Highest Temperature 225 | . 150 147 225 . 54 Average Temperature 49 | . 84 38 56 . 31 Received Heat Transfer 636 | . . 297 315 . 24 Siege Activations . | . . . . . . Martial Activations . | . . . . . . Shielding Activations . | . . . . . . Robots Disrupted . | . . . . . . Combat Hostiles . | . . . . . . Robots Corrupted . | . . . . . . Combat Hostiles . | . . . . . . Parts Fried . | . . . . . . Impact Corruptions . | . . . . . . Robots Melted . | . . . . . . Combat Hostiles . | . . . . . . Parts Melted 10 | . . 2 8 . . Heat Transferred 5586 | . . 777 4800 . 9 Parts Sabotaged . | . . . . . . Parts Stolen . | . . . . . . Parts Stripped . | . . . . . . Power Chain Reactions . | . . . . . . Alert | -11 -10 -9 -9 -9 -9 ------- Run | Yrd Mat Mat Sto Rec Scr Maximum Alert Level 3 | . . . 3 1 . Low Security (%) 64 | 100 100 100 25 40 . Level 1 12 | . . . 17 59 . Level 2 18 | . . . 46 . . Level 3 4 | . . . 10 . . Level 4 . | . . . . . . Level 5 . | . . . . . . High Security . | . . . . . . Max Security . | . . . . . . Peak Influence 744 | . 67 182 744 278 . Initial 278 | . . . 73 278 . Average 207 | . 15 93 423 155 . Influence Increases 1746 | . 151 426 1169 . . Destroy 0b10 Robot/C 1020 | . 60 260 700 . . Destroy 0b10 Robot/NC 130 | . 10 55 65 . . Destroy Leader 300 | . 12 88 200 . . Allied During Kill 40 | . . . 40 . . Successful Hack 9 | . 9 . . . . Disable Machine 60 | . . 15 45 . . Destroy Structure 37 | . . 8 29 . . Lose Combat Pursuer 150 | . 60 . 90 . . Influence Decreases 1746 | . 150 253 629 714 . Entered New Map 538 | . . 1 101 436 . Time Decay 958 | . 150 252 428 128 . Lost Part 60 | . . . 60 . . Lost Ally 40 | . . . 40 . . Purge Threat 150 | . . . . 150 . Squads Dispatched 11 | . . 2 9 . . Investigation 2 | . . 1 1 . . Extermination . | . . . . . . Reinforcement 3 | . . 1 2 . . Assault 3 | . . . 3 . . Garrison 3 | . . . 3 . . Intercept . | . . . . . . Searches Triggered . | . . . . . . Construction Impeded . | . . . . . . Haulers Reinforced . | . . . . . . Active Scanning Responses . | . . . . . . Cargo Convoy Interrupts . | . . . . . . Stealth | -11 -10 -9 -9 -9 -9 --------- Run | Yrd Mat Mat Sto Rec Scr Distress Signals 2 | . . . 2 . . Communications Jammed . | . . . . . . Distress Signals . | . . . . . . Times Spotted 77 | . 8 19 41 . 9 Peak Tracking Total 12 | . 4 3 5 . 12 Tactical Retreats 7 | . 4 . 3 . . Traps | -11 -10 -9 -9 -9 -9 ------- Run | Yrd Mat Mat Sto Rec Scr Traps Triggered 18 | . 11 1 6 . . Indirectly . | . . . . . . Trap Hack Attempts . | . . . . . . Triggered . | . . . . . . Disarmed . | . . . . . . Reprogrammed . | . . . . . . Reused . | . . . . . . Traps Extracted . | . . . . . . Installed . | . . . . . . Triggered . | . . . . . . Machines | -11 -10 -9 -9 -9 -9 ---------- Run | Yrd Mat Mat Sto Rec Scr Machines Disabled 4 | . . 1 3 . . Max in Single Turn 1 | . . 1 1 . . Machines Repaired . | . . . . . . Machines Dismantled . | . . . . . . Machines Sabotaged . | . . . . . . Overloaded Fab Kills . | . . . . . . Hacking | -11 -10 -9 -9 -9 -9 --------- Run | Yrd Mat Mat Sto Rec Scr Machines Accessed 11 | . 1 . 2 2 6 Terminals 4 | . 1 . 1 2 . Fabricators . | . . . . . . Repair Stations 1 | . . . 1 . . Recycling Units . | . . . . . . Scanalyzers . | . . . . . . Garrison Access . | . . . . . . Total Hacks 48 | . 6 . 6 5 31 Successful 38 | . 2 . 2 3 31 Failed 10 | . 4 . 4 2 . Catastrophic 1 | . . . 1 . . Database Lockouts . | . . . . . . Manual 5 | . . . 2 3 . Terminals 14 | . 6 . 3 5 . Fabricators . | . . . . . . Repair Stations 3 | . . . 3 . . Recycling Units . | . . . . . . Scanalyzers . | . . . . . . Garrison Access . | . . . . . . Terminal Hacks 36 | . 2 . . 3 31 Record 30 | . . . . . 30 Robot Analysis 2 | . 2 . . . . Alert Level 2 | . . . . 2 . Unreport Threat 1 | . . . . 1 . Proto ID Catalog 1 | . . . . . 1 Fabricator Hacks . | . . . . . . Repair Station Hacks 2 | . . . 2 . . Scan Component 1 | . . . 1 . . Repair 1 | . . . 1 . . Recycling Unit Hacks . | . . . . . . Scanalyzer . | . . . . . . Garrison Access Hacks . | . . . . . . Unauthorized Hacks . | . . . . . . Terminals . | . . . . . . Fabricators . | . . . . . . Repair Stations . | . . . . . . Recycling Units . | . . . . . . Scanalyzers . | . . . . . . Garrison Access . | . . . . . . Data Cores Recovered . | . . . . . . Used . | . . . . . . Hacking Detections 5 | . 1 . 2 2 . Full Trace Events 1 | . . . 1 . . Feedback Events . | . . . . . . Feedback Blocked . | . . . . . . Robot Schematics Acquired . | . . . . . . Robots Built . | . . . . . . Authchips . | . . . . . . Time . | . . . . . . Total Robot Build Rating . | . . . . . . Part Schematics Acquired . | . . . . . . Parts Built . | . . . . . . Authchips . | . . . . . . Time . | . . . . . . Total Part Build Rating . | . . . . . . Parts Repaired 1 | . . . 1 . . Time 38 | . . . 38 . . Parts Recycled . | . . . . . . Recycled Matter . | . . . . . . Retrieved Matter . | . . . . . . Retrieved Components . | . . . . . . Parts Scanalyzed . | . . . . . . Part Schematics Acquired . | . . . . . . Parts Damaged . | . . . . . . Bothacking | -11 -10 -9 -9 -9 -9 ------------ Run | Yrd Mat Mat Sto Rec Scr Used RIF Installer . | . . . . . . Robots Hacked . | . . . . . . Non-combat . | . . . . . . Combat . | . . . . . . Robot Hacks Applied . | . . . . . . Relay Couplers Released . | . . . . . . Fabnet Peak Effective % . | . . . . . . Robots Rewired . | . . . . . . Allies Hacked . | . . . . . . Hacks Repelled . | . . . . . . Allies | -11 -10 -9 -9 -9 -9 -------- Run | Yrd Mat Mat Sto Rec Scr Total Allies 2 | . . . 2 . . Largest Group 2 | . . . 2 . . Highest-Rated Group 62 | . . . 62 . . Highest-Rated Ally 31 | . . . 31 . . Total Orders . | . . . . . . Ally Attacks 27 | . . . 27 . . Total Damage 411 | . . . 411 . . Kills 8 | . . . 8 . . Allies Corrupted . | . . . . . . Allies Melted . | . . . . . . Intel | -11 -10 -9 -9 -9 -9 ------- Run | Yrd Mat Mat Sto Rec Scr Active Infowar (turns) 460 | . . 460 . . . Structural 460 | . . 460 . . . Robot Analysis Total 2 | . 2 . . . . Derelict Logs Recovered . | . . . . . . Drone Launches . | . . . . . . Drone Recoveries . | . . . . . . Exploration | -11 -10 -9 -9 -9 -9 ------------- Run | Yrd Mat Mat Sto Rec Scr Turns Passed 5240 | 62 633 674 1045 264 2562 Spaces Moved 2863 | 35 366 301 449 166 1546 Core 32 | 11 . . 21 . . Treads 2831 | 24 366 301 428 166 1546 Legs . | . . . . . . Wheels . | . . . . . . Hover . | . . . . . . Flight . | . . . . . . Fastest Speed 50 | 50 160 145 145 160 160 Average Speed 158 | 125 160 153 156 160 160 Slowest Speed 350 | 160 160 160 350 160 240 Overloaded Moves . | . . . . . . Propulsion Burnouts . | . . . . . . Robots Hopped . | . . . . . . Potential Cave-ins . | . . . . . . Cave-ins Triggered . | . . . . . . Exploration Rate (%) 44 | 3 44 32 60 45 84 Regions Visited 5 Branch Regions 3 Pre-discovered Areas 2 | . . . . . 2 Known Exits Taken . | . . . . . . Unknown Exits Taken 5 | 1 1 1 1 1 . Scrap Searched 3 | . . . . . 3 Spaces Dug 2 | . . 2 . . . Terrain Destroyed 29 | . . 5 23 . 1 Melee . | . . . . . . Projectile 29 | . . 5 23 . 1 AOE . | . . . . . . Terrain Rammed . | . . . . . . Walls Destroyed . | . . . . . . Machines Disabled . | . . . . . . Actions | -11 -10 -9 -9 -9 -9 --------- Run | Yrd Mat Mat Sto Rec Scr Total 3247 | 49 386 397 617 165 1633 Wait 132 | 3 . 6 58 . 65 Move 2858 | 34 365 300 448 165 1546 Hop . | . . . . . . Pick Up 36 | 5 6 9 9 . 7 Fast Attach 16 | . . 2 13 . 1 Attach 22 | 5 . 9 7 . 1 Detach 1 | . . 1 . . . Swap 10 | . . 5 3 . 2 Drop 22 | . 1 8 4 . 9 Fire 150 | 2 14 57 75 . 2 Melee . | . . . . . . Ram . | . . . . . . Kick . | . . . . . . Crush . | . . . . . . Escape Stasis . | . . . . . . Rewire . | . . . . . . Trap . | . . . . . . Miscellaneous . | . . . . . . Route ------- -11/Scrapyard -10/Materials -9/Materials (discovered 2 exits: [*Min] / *Sto) -9/Storage -9/Recycling -9/Scraptown (discovered 1 exit: [*Fac]) History --------- Turn | Location | Event 18 | -11/Scrapyard | Discovered new exit (range 15) 63 | -11/Scrapyard | Entered Materials 311 | -10/Materials | Build established: Mutant 341 | -10/Materials | Discovered new exit (range 16) 376 | -10/Materials | System corruption reached 10% 696 | -10/Materials | Entered another Materials area 696 | -9/Materials | Evolved 2 slots: Utility x1, Weapon x1 995 | -9/Materials | Build established: Skirmisher 1267 | -9/Materials | Discovered new exit (range 16) 1329 | -9/Materials | Discovered new exit (range 15) 1370 | -9/Materials | Entered Storage 1449 | -9/Storage | Met a pair of Derelict thieves 1701 | -9/Storage | Garrison activated, responded to threat 1767 | -9/Storage | Build established: Gunner 1810 | -9/Storage | Repaired Ion Cannon 2130 | -9/Storage | Core integrity fell below 50% 2170 | -9/Storage | First assault squad dispatched 2325 | -9/Storage | Lost 4 parts (1p1n1u1w) 2412 | -9/Storage | Used back door to open Recycling access 2412 | -9/Storage | Discovered new exit (range 3) 2415 | -9/Storage | Entered Recycling 2638 | -9/Recycling | Scanned before Scraplab entrance 2660 | -9/Recycling | Entered Scraplab 2675 | -9/Recycling | Discovered new exit (range 3) 2679 | -9/Recycling | Entered Scraptown 2682 | -9/Scraptown | Build established: Scavenger-Mutant 2839 | -9/Scraptown | Heard Great Nut preacher, LISTEN AND RECITE! 2949 | -9/Scraptown | Visited UFD Registry 2949 | -9/Scraptown | Registered with UFD as "Alphalever" 3042 | -9/Scraptown | Visited Scrapoid Research Area 3062 | -9/Scraptown | Visited Scrapoid Pod Storage 3086 | -9/Scraptown | Visited Observation Area 3091 | -9/Scraptown | Build established: Scavenger-Gunner 3155 | -9/Scraptown | Visited Abandonware Association 3171 | -9/Scraptown | Learned abandonware demo "OVRCLOCK.EXE" 3182 | -9/Scraptown | Learned abandonware demo "TRNCOAT.EXE" 3182 | -9/Scraptown | Learned abandonware demo "POISON.EXE" 3224 | -9/Scraptown | Visited Science Guys 3278 | -9/Scraptown | Visited Cartography Club 3346 | -9/Scraptown | Visited Junk Repository 3438 | -9/Scraptown | Visited Comm Corps 3507 | -9/Scraptown | Visited Symbiants 3530 | -9/Scraptown | Visited Fellowship of the Rings 3546 | -9/Scraptown | Visited Cyclists 3562 | -9/Scraptown | Entered Cyclist Reading Room 3602 | -9/Scraptown | Learned location of Zion (-7) 3640 | -9/Scraptown | Visited Cave Peace 3979 | -9/Scraptown | Visited Shadow of the Wyrm 4030 | -9/Scraptown | Visited The Evicted 4214 | -9/Scraptown | Found Scrapoid Pod 4790 | -9/Scraptown | Discovered new exit (range 11) 5066 | -9/Scraptown | Visited LU-1G1's Boring Crew 5221 | -9/Scraptown | Met Optimus 5221 | -9/Scraptown | Accepted into 0bPrime 5223 | -9/Scraptown | Attacked by Scraptown defenders 5230 | -9/Scraptown | Core integrity fell below 20% 5241 | -9/Scraptown | Destroyed by Optimus with Helical Railgun Last Messages --------------- 05225_ Slug penetrates Machine. 05225_ Machine disabled. 05227_ Penetrated by Slug. 05227_ Slug penetrates Wall. 05229_ Penetrated by Slug. 05229_ Ion Cannon destroyed. 05233_ Penetrated by Slug. 05233_ Slug penetrates Machine. 05233_ Penetrated by Slug. 05233_ Critical hit (Destroy). 05233_ Lgt. Treads destroyed. 05233_ Machine disabled. 05236_ Penetrated by Slug. 05236_ Ion Cannon destroyed. 05236_ Penetrated by Slug. 05236_ CPS Tube destroyed. 05238_ Machine disabled. 05239_ Dropped Lgt. Treads. 05240_ Dropped Hvy. Ion Engine. 05240_ Discarded Scrapoid Pod. Map ----- +----------------------------------------------------+ | ?????????????????????????????????????????????????? | | ?????????????????????????????????????????????????? | | ?????????????????????????????????????????????????? | | ?????????????????????#############???????????????? | | ?????????????????????#"""""""""""#???????????????? | | ?????????????????????#""""" X """###########?????? | | ?????????????????????#""" """"#"""""""""#? ??? | | #????????????????????#" "|""# " " " #? # | | #????????????##??????#""" """"# ## # | | ##???????????#X??????#"""" ""# "# #" ## # | | "#???????????# ??????#"" # "#X#" ## # | | #???????????# ??????#"" "" " # "###" ## # | | #?????####### #######"" "" "&# """"" ## # | | #?????# ## "# ## # | | #?????# ##" # ## # | | #?????######## ########### #######;### ##### ## | | ###???????##### ########### ######;#### ##### ## | | #???????#"""" """"""""""" """"" """"" """"" "" | | #???????#" | | #???????#" | | #???????#" | | #???????#" | | #???#####" x | | #???#"""" """""""""" """"""""""""""""" | | #???#"""" """"""""" """""""""""""""""" | | #???#"""" ""######@ ################"" | | #???#"""" ""# r* ##????????#"" | | #???#"""" ""# 3 X"#????????#"" | | ###?#"""" ""# "" "" ##????????#"" | | ""#"#"""" ; " ""rX"#??????###"" | | """"#"""" ""; " j E" E######### #"" | | ""#######" p "" p | | ###?????#" "" "" | | #########" ""# " ######### #"" | | ""# " "" ""#??????###"" | | ""# "" "" ##????????#"" | | ""# X"#????????#"" | | ""# ##????????#"" | | ""###### #"##############"" | | """""""""""""""""""""""""""" | | """""""""""""""""""""""""""" | | | | | | | | #""""#" | | #????#" | | #????#"""""" """"""""""" """"""""""" """""" | | ####????####### ########### ########### ###### | | #????????????"""""???# #??# ## | | #??????????? ??# #??# # # ## | +----------------------------------------------------+ Best States ------------- Heat Dissipation 56 Energy Generation 18 Energy Capacity 280 Matter Stores 300 Matter Capacity 300 Sight Range 16 Terrain Scan Density 85 Evasion (%) 50 Recoil Reduction 2 Offensive Hacking 10 Item Schematics ----------------- None Robot Schematics ------------------ None Fabricated ------------ Nothing Repaired ---------- Ion Cannon | 16% | -9/Storage Alien Tech Used ----------------- None Achievements -------------- None Challenges ------------ None Game ------ Seed PlasmaRainbowRefractor Manual? 0 Play Time 00:31:13 Cumulative 160.5 hours Start 2025.09.26 @ 18:07:43 End 2025.09.27 @ 07:41:45 Sessions 1 Manual Loads 0 Difficulty Rogue Special Mode None Game No. 518 Rogue 517 Adventurer 1 Explorer 0 Win Type - Total 0 Types 0/0/0/0/0/0/0/0/0/0 Lore% 57 Gallery% 54 Achievement% 43 Wizard Run 0 Options --------- Layout 1 ASCII 0 Keyboard 0 Movement Mouse Keybinds 0 Fullscreen 2 Font 24/Smallcaps Map View 50x35 Zoom Use 0% Tactical HUD 1 Map Filters NONE Filters NONE Steam 1 RUN: 2ebc8dde-3ed1-4be5-9fae-db2868b4d806